 Dungeon Crawl Stone Soup version 0.28-a0-258-g8de209e91f (webtiles) character file.

Game seed: 3571545139226856355

5 bande the Covered (level 1, -1/14 HPs)
             Began as a Gargoyle Fighter on Aug 26, 2021.
             Slain by a jackal (3 damage)
             ... on level 1 of the Dungeon.
             The game lasted 00:00:14 (264 turns).

bande the Covered (Gargoyle Fighter)                 Turns: 264, Time: 00:00:15

Health: -1/14      AC:  9    Str: 19    XL:     1   Next: 80%
Magic:  1/1        EV:  7    Int:  8    God:
Gold:   8          SH:  7    Dex:  9    Spells: 0/0 levels left

rFire   . . .      SeeInvis .   a - +0 war axe
rCold   . . .      Faith    .   c - +0 kite shield
rNeg    + . .      Spirit   .   b - +0 scale mail
rPois   ∞          Reflect  .   (no helmet)
rElec   +          Harm     .   (no cloak)
rCorr   .          Rampage  .   (no gloves)
Will    .....                   (no boots)
Stlth   ..........              (no amulet)
HPRegen 0.04/turn               (no ring)
MPRegen 0.07/turn               (no ring)

@: no status effects
A: sickness immunity, AC +2, negative energy resistance 1, electricity
resistance, torment resistance 1, petrification resistance
a: no special abilities


You were on level 1 of the Dungeon.
You visited 1 branch of the dungeon, and saw 1 of its levels.

You collected 8 gold pieces.

Inventory:

Hand Weapons
 a - a +0 war axe (weapon)
Armour
 b - a +0 scale mail (worn)
 c - a +0 kite shield (worn)
Potions
 d - a potion of might


   Skills:
 + Level 3.4 Fighting
 + Level 1.9 Axes
 + Level 3.4 Armour
 + Level 3.3 Shields


You couldn't memorise any spells.
You didn't know any spells.
Your spell library was empty.

Dungeon Overview and Level Annotations

Branches:
Dungeon (1/15)

Altars:


Innate Abilities, Weirdness & Mutations

You are immune to sickness and miasma.
Your stone body is resilient. (AC +2)
You are immune to poison.
You resist negative energy. (rN+)
You are resistant to electric shocks. (rElec)
You are resistant to unholy torment.
You are immune to petrification.


Message History

You block the jackal's attack.
The kobold hits you with a +0 short sword.
You closely miss the jackal. You miss the jackal. You miss the kobold.
You block the jackal's attack.
The jackal bites you but does no damage.
A dart slug comes into view.
The kobold hits you with a +0 short sword.
The jackal bites you but does no damage.
The jackal closely misses you.
You miss the jackal.
The jackal bites you but does no damage.
You closely miss the jackal. The jackal closely misses you.
You barely miss the jackal. x2; The jackal bites you.
The jackal barely misses you. You block the jackal's attack.
The jackal barely misses you.
You are too injured to fight recklessly!
You are too injured to fight recklessly!
You are too injured to fight recklessly!
You are too injured to fight recklessly!
You are too injured to fight recklessly!
You are too injured to fight recklessly!
Unknown command.
You closely miss the jackal. x2
The jackal bites you but does no damage.
The jackal completely misses you.
The jackal bites you but does no damage.
You block the jackal's attack.
The jackal bites you but does no damage.
You barely miss the jackal. You closely miss the jackal.
The jackal closely misses you. The jackal bites you. x2
* * * LOW HITPOINT WARNING * * *
The jackal bites you but does no damage. x2
Unknown command.
You closely miss the jackal. x2
The jackal bites you but does no damage. x2
The jackal barely misses you. The jackal bites you.
* * * LOW HITPOINT WARNING * * *
Unknown command.
You barely miss the jackal. You hit the jackal. The jackal bites you.
You die...

##....# .. #.....# ...
###.###.#########...#
.........÷÷.......#
##.#######..#.###.#
##...####....#.#..?#
#..≈..#.....##...#
...≈....≈..8###..#
..≈≈≈..≈...## #h@#
≈≈≈≈≈≈≈.....####h#
≈≈...≈≈≈≈....##wK.....#.
≈..<..≈≈≈≈≈..##..$#####.
≈≈...≈≈≈≈....##...#
≈≈≈≈≈≈≈.....###..##
..≈≈≈).≈...## #..#
...≈....≈..8# #..#
#..≈..#.....# #...


You could see a dart slug, 2 jackals and a kobold.

Vanquished Creatures
  4 jackals (D:1)
4 creatures vanquished.

Notes
Turn   | Place    | Note
-------+----------+-------------------------------------------
     0 | D:1      | bande the Gargoyle Fighter began the quest for the Orb.
     0 | D:1      | Reached XP level 1. HP: 14/14 MP: 1/1
   264 | D:1      | Slain by a jackal

Illustrated notes

Levels and vault maps discovered:
D:1:      eino_arrival_water_star, layout_basic, serial_co_window_serial,
          co_window_paths_b, co_window_paths_a, co_window_corner_a,
          co_window_paths_a, co_window_cross_1, co_window_broadway_a,
          co_window_cross_4, co_window_cross_2, glass_columns_c, glass_columns_b

Action                   || total
-------------------------++-------
Melee: War axe           ||    26
Armor: Scale mail        ||    34
Dodge: Dodged            ||    19
Block: Kite shield       ||    17

Table legend: (Time is in decaauts)
 A = Elapsed time spent in this place.
 B = Non-inter-level travel time spent in this place.
 C = Inter-level travel time spent in this place.
 D = Time resting spent in this place.
 E = Time spent auto-exploring this place.
 F = Levels seen in this place.
 G = Mean time per level.
                   A        B        C        D        E       F      G
               +--------+--------+--------+--------+--------+-----+--------+
         Total |    280 |    280 |      0 |    204 |     23 |   1 |  280.0 |
       Dungeon |    280 |    280 |      0 |    204 |     23 |   1 |  280.0 |
               +--------+--------+--------+--------+--------+-----+--------+

Top non-repeatable levels by time:
     D:1: 280 daAuts
